 Dungeon Crawl Stone Soup version 0.29-a0-22-gbf593b16ee (webtiles) character file.

Game seed: 12313268267432018169

101 blank1 the Skirmisher (level 4, 0/41 HPs)
             Began as a Minotaur Fighter on Jan 29, 2022.
             Killed from afar by Ijyb (35 damage)
             ... with a bolt of acid
             ... on level 3 of the Dungeon.
             The game lasted 00:02:54 (1433 turns).

blank1 the Skirmisher (Minotaur Fighter)            Turns: 1433, Time: 00:02:55

Health: 0/41       AC:  8    Str: 22    XL:     4   Next: 48%
Magic:  3/3        EV:  6    Int:  5    God:
Gold:   21         SH:  4    Dex: 10    Spells: 3/3 levels left

rFire   . . .      SeeInvis .   a - +1 flail
rCold   + . .      Faith    .   c - +0 buckler
rNeg    . . .      Spirit   .   k - +0 plate armour
rPois   +          Reflect  .   (helmet restricted)
rElec   .          Harm     .   e - +0 cloak "Lyj Vigh" {rC+ Regen+ Slay+3}
rCorr   .          Rampage  .   (no gloves)
Will    .....                   (no boots)
Stlth   ..........              h - amulet of regeneration
HPRegen 1.73/turn               f - ring of poison resistance
MPRegen 0.08/turn               (no ring)

@: corroded
A: horns 2, retaliatory headbutt
a: no special abilities


You were on level 3 of the Dungeon.
You visited 1 branch of the dungeon, and saw 3 of its levels.

You collected 21 gold pieces.

Inventory:

Hand Weapons
 a - a +1 flail (weapon)
Armour
 c - a +0 buckler (worn)
 e - the +0 cloak "Lyj Vigh" (worn) {rC+ Regen+ Slay+3}
   (You acquired it on level 3 of the Dungeon)

   Slay:      It affects your accuracy & damage with ranged weapons and melee
   (+3).
   rC:        It protects you from cold.
   Regen:     It increases your rate of health regeneration.
 k - a +0 plate armour (worn)
Jewellery
 f - a ring of poison resistance (left hand)
 h - an amulet of regeneration (around neck)
Potions
 b - a potion of lignification {unknown}
 d - a potion of might
 g - a potion of heal wounds {unknown}


   Skills:
 + Level 4.6 Fighting
 + Level 3.6 Maces & Flails
 - Level 4.0 Armour
 - Level 2.0 Dodging
 - Level 4.0 Shields


You had 3 spell levels left.
You didn't know any spells.
Your spell library was empty.

Dungeon Overview and Level Annotations

Branches:
Dungeon (3/15)

Altars:
Ru
Yredelemnul

Annotations:
D:3 Ijyb


Innate Abilities, Weirdness & Mutations

You have a pair of horns on your head.
You reflexively headbutt those who attack you in melee.


Message History

You continue putting on your amulet of regeneration. x5
You finish putting on your amulet of regeneration.
The amulet throbs as it attunes itself to your uninjured body.
h - an amulet of regeneration (around neck)
A jackal comes into view.
The jackal barks!
Found a stone staircase leading down.
A jackal comes into view.
You closely miss the jackal.
The jackal barks!
The jackal bites you but does no damage.
The jackal barely misses you.
You sock the jackal!
You kill the jackal!
Ijyb the Twisted Goblin comes into view.
She is wielding a +0 dagger and carrying a wand of acid (6).
An adder comes into view.
Ijyb shouts!
The adder hisses angrily.
You see here a jackal corpse.
You hit the jackal.
The jackal is moderately wounded.
You hear the slow rusting of a very distant drain.
The jackal barely misses you. The jackal closely misses you.
You hit the jackal. Your headbutt misses the jackal.
The jackal is heavily wounded.
The jackal bites you but does no damage. x2
You sock the jackal!
You kill the jackal!
The adder bites you but does no damage.
You barely miss Ijyb. The adder bites you but does no damage.
Ijyb zaps a wand.
The bolt of acid hits you! The acid corrodes you!
You completely miss Ijyb. The adder bites you but does no damage.
Ijyb barely misses you. You furiously retaliate!
You headbutt Ijyb. The adder barely misses you. You furiously retaliate!
You headbutt the adder!
You kill the adder!
Ijyb hits you but does no damage.
You closely miss Ijyb. You headbutt Ijyb, but do no damage.
Ijyb is lightly wounded.
Ijyb zaps a wand.
The bolt of acid hits you!!
Ouch! That really hurt!
You die...

## ####.. # #. #.##.# ..
###.##.##.# ########
#.#.......#.# #.... ..
##.........#.####..####.
........................
#.>...g...(.............
.......@............†...
.....#..##.######..###..
##.......#.# #..# #..
#......##.# #.......
...........# ##.##.#.
........###. .......
##....#.# . .....#.
#....#.# . ..#....


You could see Ijyb.

Vanquished Creatures
  4 gnolls (D:2)
  3 adders
  3 bats
  A giant cockroach (D:2)
  3 goblins
  5 hobgoblins
  2 jackals (D:3)
  4 kobolds
  A quokka (D:1)
  4 ball pythons
  5 frilled lizards
  3 rats
38 creatures vanquished.

Notes
Turn   | Place    | Note
-------+----------+-------------------------------------------
     0 | D:1      | blank1 the Minotaur Fighter began the quest for the Orb.
     0 | D:1      | Reached XP level 1. HP: 19/19 MP: 0/0
    31 | D:1      | You fall into a shaft and drop 1 floor!
   136 | D:1      | Reached XP level 2. HP: 26/27 MP: 1/1
   409 | D:1      | Found a faded altar of an unknown god.
   590 | D:2      | Reached skill level 1 in Dodging
   592 | D:2      | Reached XP level 3. HP: 32/33 MP: 2/2
   642 | D:2      | Reached XP level 4. HP: 34/41 MP: 3/3
   834 | D:2      | Found a basalt altar of Yredelemnul.
  1337 | D:3      | Identified a scroll of acquirement
  1337 | D:3      | Acquired the +0 cloak "Lyj Vigh" {rC+ Regen+ Slay+3}
  1363 | D:3      | Found a sacrificial altar of Ru.
  1426 | D:3      | Noticed Ijyb
  1433 | D:3      | Killed from afar by Ijyb

Illustrated notes

Levels and vault maps discovered:
D:1:      shiori_arrival_elements, layout_rooms,
          dreamdust_ecumenical_altar_hidden_monk_grotto
D:2:      layout_basic, basic_altar
D:3:      layout_basic, nicolae_ru_sacrificial_ziggurat,
          cheibrodos_sewer_entry_bend, uniq_ijyb

Skill      XL: |  1  2  3  4 |
---------------+-------------+-----
Dodging        | 1 2 |  2.0
Fighting       | 4 |  4.6
Armour         | 4 |  4.0
Maces & Flails | 3 |  3.6
Shields        | 4 |  4.0

Action                   |  1- 3 |  4- 6 || total
-------------------------+-------+-------++-------
Melee: Flail             |    62 |    31 ||    93
       Headbutt          |     4 |     4 ||     8
  Use: Scroll            |       |     4 ||     4
Armor: Scale mail        |    27 |     3 ||    30
       Plate armour      |       |    15 ||    15
Dodge: Dodged            |    36 |    14 ||    50
Block: Buckler           |    13 |     1 ||    14

Table legend: (Time is in decaauts)
 A = Elapsed time spent in this place.
 B = Non-inter-level travel time spent in this place.
 C = Inter-level travel time spent in this place.
 D = Time resting spent in this place.
 E = Time spent auto-exploring this place.
 F = Levels seen in this place.
 G = Mean time per level.
                   A        B        C        D        E       F      G
               +--------+--------+--------+--------+--------+-----+--------+
         Total |   1461 |   1389 |     72 |      0 |   1043 |   3 |  487.0 |
       Dungeon |   1461 |   1389 |     72 |      0 |   1043 |   3 |  487.0 |
               +--------+--------+--------+--------+--------+-----+--------+

Top non-repeatable levels by time:
     D:2: 839 daAuts
     D:1: 515 daAuts
     D:3: 106 daAuts
